 Dungeon Crawl Stone Soup version 0.20-a0-641-g673355a (webtiles) character file.

9996 Chiseanne the Spry (level 11, -2/58 HPs)
             Began as a Spriggan Wanderer on Feb 13, 2017.
             Was an Initiate of Gozag.
             Killed from afar by an orc wizard (5 damage)
             ... with a magic dart
             ... on level 2 of the Orcish Mines.
             The game lasted 00:50:26 (14120 turns).

Chiseanne the Spry (Spriggan Wanderer)             Turns: 14120, Time: 00:50:27

Health: -2/58      AC:  3    Str: 12    XL:     11   Next: 30%
Magic:  0/21       EV: 31    Int: 12    God:    Gozag
Gold:   256        SH:  0    Dex: 17    Spells: 16/22 levels left

rFire    + . .     SeeInvis +   a - +5 double sword (elec)
rCold    + + +     Gourm    .   E - +1 robe "Olaynnant" {rC++ rCorr}
rNeg     . . .     Faith    .   (shield currently unavailable)
rPois    .         Spirit   +   (helmet restricted)
rElec    .         Reflect  .   v - scarf {rC+ rF+}
rCorr    +         Harm     .   (gloves unavailable)
MR       +....                  (boots unavailable)
Stlth    ++........             j - amulet of guardian spirit
Regen    0.2/turn               (no ring)
MPRegen  0.2/turn               (no ring)

@: gold aura, very quick
A: unfitting armour, see invisible, herbivore 3, speed 3, slow metabolism 2
a: Potion Petition, Call Merchant, Bribe Branch, Renounce Religion


You were on level 2 of the Orcish Mines.
You worshipped Gozag.
Gozag was aware of your devotion.
You were full.

You visited 2 branches of the dungeon, and saw 13 of its levels.
You also visited: Ossuary.

You collected 5269 gold pieces.
You spent 1330 gold pieces at shops.
You paid 3683 gold pieces to Gozag.

Inventory:

Hand Weapons
 a - a +5 double sword of electrocution (weapon)
 w - a +0 war axe of flaming
Missiles
 e - 439 stones
 h - 42 poisoned needles
 k - 92 sling bullets
 l - 2 throwing nets
 m - 195 arrows
 p - 13 bolts
 s - 12 tomahawks (quivered)
Armour
 v - a scarf of resistance (worn)
 E - the +1 robe "Olaynnant" (worn) {rC++ rCorr}
   (You bought it in a shop on level 10 of the Dungeon)

   It greatly protects you from cold.
   It protects you from acid and corrosion.
Jewellery
 j - an amulet of guardian spirit (around neck)
Wands
 n - a wand of confusion (31/48)
Scrolls
 d - 4 scrolls of teleportation
 r - a scroll of fear
 t - 2 scrolls of blinking
 y - 2 scrolls of remove curse
 z - 2 scrolls of holy word
 A - 3 scrolls of fog
 F - a scroll of recharging
Potions
 b - a potion of ambrosia
 c - 7 potions of curing
 g - a potion of cancellation
 i - 2 potions of brilliance
 o - 2 potions of flight
 q - 2 potions of heal wounds
 u - a potion of resistance
 B - a potion of lignification
 H - a potion of haste
Books
 C - a book of Maledictions

   Spells                             Type                      Level
   a - Corona                         Hexes                        1
   b - Ensorcelled Hibernation        Hexes/Ice                    2
   c - Confuse                        Hexes                        3
   d - Tukima's Dance                 Hexes                        3
   e - Dazzling Spray                 Conjuration/Hexes            3
 D - a book of Debilitation

   Spells                             Type                      Level
   a - Corona                         Hexes                        1
   b - Slow                           Hexes                        2
   c - Gell's Gravitas                Hexes/Translocation          3
   d - Inner Flame                    Hexes/Fire                   3
   e - Cause Fear                     Hexes                        4
   f - Leda's Liquefaction            Hexes/Earth                  4
 G - a book of Geomancy

   Spells                             Type                      Level
   a - Sandblast                      Earth                        1
   b - Passwall                       Transmutation/Earth          2
   c - Stone Arrow                    Conjuration/Earth            3
   d - Petrify                        Transmutation/Earth          4
   e - Lee's Rapid Deconstruction     Earth                        5
Comestibles
 f - 12 bread rations
 I - a royal jelly


   Skills:
 - Level 6.4 Fighting
   Level 5.6(8.9) Short Blades
 * Level 8.1(8.6) Long Blades
 * Level 15.3 Dodging
 - Level 3.0 Stealth
 * Level 6.2 Spellcasting
 - Level 1.3 Evocations


You had 16 spell levels left.
You knew the following spells:

 Your Spells              Type           Power        Failure   Level  Hunger
a - Confuse               Hex            #.......     56%         3    ###....
b - Tukima's Dance        Hex            #.......     56%         3    ###....


Dungeon Overview and Level Annotations

Branches:
Dungeon (11/15)            Temple (0/1) D:4            Lair (0/6) D:9
    Orc (2/2) D:11
    Elf: Orc:2

Altars:
Gozag
Hepliaklqana
Okawaru
Trog
Uskayaw
Vehumet
Yredelemnul
The Shining One

Shops:
D:5 (   D:10 [[   D:11 =

Annotations:
D:3 nikopol's ghost, weakling GrFi
D:8 slumpy's ghost, journeyman FoFi


Innate Abilities, Weirdness & Mutations

You are very small and have problems with some larger weapons.
You are too small for most types of armour.
You have supernaturally acute eyesight. (SInv)
You are a herbivore.
You cover ground extremely quickly.
You need consume almost no food.


Message History

You slash the orc wizard!
There is a sudden explosion of sparks!
You kill the orc wizard!
The orc wizard misses you. The orc misses you.
The orc wizard completely misses you.
The orc wizard is distracted by the nearby gold.
The orc completely misses you.
You riposte.
The orc wizard shouts!
You slash the orc!
There is a sudden explosion of sparks!
You kill the orc!
The stone giant throws a large rock.
The large rock hits you!!!
Ouch! That really hurt!
* * * LOW HITPOINT WARNING * * *
You barely miss the orc wizard. The orc wizard completely misses you.
The orc completely misses you.
The orc is distracted by the nearby gold.
The orc completely misses you. The orc wizard casts a spell at you.
The magic dart hits you!
You die...
Your body crumbles into a pile of gold.

$ $ $ ##..<
.............#.....#...[
.......................#
$ $
.......................#
...........#...........#
$......o..#$#..........##
.....................###
$......o....#.........#.#
......o@................
......$o................
.....$............######
..C#.......$......# $
..#.........o.....#
...#..............#
...##..........#..# ..
.............###
$#............#


You could see a stone giant, 2 orc wizards and 3 orcs.

Vanquished Creatures
  An orc high priest (Orc:2)
  Pikel (D:5)
  2 orc sorcerers (Orc:2)
  Psyche (D:8)
  The ghost of anet the Magician, a novice DEWz (D:6)
  A hippogriff (D:8)
  6 yaks (D:9)
  Sigmund (D:2)
  A shadow (D:11)
  Duvessa (D:5)
  A water moccasin (D:11)
  A swamp drake (D:11)
  A slave (D:4)
  3 sky beasts
  9 orc warriors
  A phantom (D:9)
  10 ogres
  4 centaurs
  A big kobold (D:9)
  A wyvern zombie (D:10)
  6 bullfrogs
  Dowan (D:5)
  A water moccasin zombie (Ossuary)
  A scorpion (D:6)
  A wyvern skeleton (D:8)
  5 killer bees (D:10)
  3 howler monkeys
  A bullfrog zombie (D:7)
  2 crimson imps
  A quasit (D:9)
  2 bullfrog skeletons
  2 centaur zombies
  8 hounds
  3 jellies
  Crazy Yiuf (D:5)
  17 orc priests
  16 orc wizards
  2 centaur skeletons
  An iguana (D:4)
  10 worker ants
  3 big kobold zombies (Ossuary)
  A hound zombie (D:9)
  2 mummies (Ossuary)
  A worker ant zombie (D:6)
  8 gnolls
  7 adders
  2 oozes
  An adder skeleton (D:6)
  7 adder zombies
  2 worms
  2 dart slugs
  5 leopard geckos
  50 orcs
  7 giant cockroaches
  3 gnoll zombies
  8 goblins
  9 hobgoblins
  21 jackals
  6 quokkas
  7 bats
  9 frilled lizards
  3 hobgoblin zombies (Ossuary)
  A jackal skeleton (D:4)
  9 kobolds
  8 kobold zombies (Ossuary)
  A leopard gecko skeleton (D:7)
  4 orc zombies (Ossuary)
  7 rats
326 creatures vanquished.

Vanquished Creatures (others)
  A slave (D:5)
  A crimson imp (D:5)
  An orc wizard (D:5)
  An orc priest (D:5)
  A hound zombie (D:5)
  An orc (D:5)
6 creatures vanquished.

Grand Total: 332 creatures vanquished

Notes
Turn   | Place    | Note
-------+----------+-------------------------------------------
     0 | D:1      | Chiseanne the Spriggan Wanderer began the quest for the Orb.
     0 | D:1      | Chiseanne set off with: a +2 robe, a +0 short sword, a potion of curing, a +0 dagger, a bread ration
     0 | D:1      | Reached XP level 1. HP: 12/12 MP: 3/3
   390 | D:1      | Reached XP level 2. HP: 16/16 MP: 4/4
   738 | D:1      | Reached skill level 4 in Dodging
  1132 | D:1      | Reached XP level 3. HP: 20/20 MP: 5/5
  1441 | D:2      | Found an opulent altar of Gozag.
  1442 | D:2      | Found a bloodstained altar of Trog.
  1445 | D:2      | Became a worshipper of Gozag Ym Sagoz the Greedy
  1635 | D:2      | Noticed Sigmund
  1655 | D:2      | Killed Sigmund
  1655 | D:2      | Reached skill level 5 in Dodging
  1655 | D:2      | Reached XP level 4. HP: 25/25 MP: 6/6
  1655 | D:2      | Reached XP level 5. HP: 29/29 MP: 7/7
  2055 | D:2      | Found an iron altar of Okawaru.
  2115 | D:2      | Reached skill level 6 in Dodging
  2792 | D:3      | Noticed nikopol's ghost (weakling GrFi)
  3593 | D:2      | Reached XP level 6. HP: 24/33 MP: 6/8
  4184 | D:4      | Reached skill level 7 in Dodging
  4415 | D:4      | Found a glowing golden altar of the Shining One.
  4425 | D:4      | Found a staircase to the Ecumenical Temple.
  4485 | D:4      | Found a sand-covered staircase.
  4490 | Ossuary  | Entered an ossuary
  4499 | Ossuary  | Reached XP level 7. HP: 38/38 MP: 9/9
  4744 | Ossuary  | Reached skill level 5 in Short Blades
  5386 | D:4      | Reached skill level 5 in Fighting
  5386 | D:4      | Reached skill level 8 in Dodging
  6151 | D:5      | Entered Level 5 of the Dungeon
  6151 | D:5      | Noticed Pikel
  6412 | D:5      | Found a runed door.
  6478 | D:5      | Found a radiant altar of Vehumet.
  6481 | D:5      | Noticed Duvessa
  6481 | D:5      | Noticed Dowan
  6508 | D:5      | Killed Duvessa
  6508 | D:5      | Reached XP level 8. HP: 36/44 MP: 8/10
  6524 | D:5      | Killed Dowan
  6524 | D:5      | Reached skill level 1 in Long Blades
  6648 | D:5      | Reached skill level 9 in Dodging
  6723 | D:5      | Killed Pikel
  6723 | D:5      | Reached skill level 10 in Dodging
  7519 | D:5      | Noticed Crazy Yiuf
  7539 | D:5      | Reached XP level 9. HP: 49/49 MP: 11/11
  7552 | D:5      | Killed Crazy Yiuf
  7996 | D:6      | Reached skill level 11 in Dodging
  8186 | D:6      | Found a hazy altar of Hepliaklqana.
  8341 | D:6      | Noticed anet's ghost (novice DEWz)
  8481 | D:5      | Bought a +1 double sword of electrocution for 489 gold pieces
  8622 | D:6      | Killed anet's ghost
  8957 | D:7      | Reached skill level 5 in Long Blades
  8999 | D:7      | Reached skill level 12 in Dodging
  9604 | D:8      | Noticed Psyche
  9623 | D:8      | Killed Psyche
  9648 | D:8      | Reached XP level 10. HP: 53/53 MP: 12/12
  9670 | D:8      | Noticed slumpy's ghost (journeyman FoFi)
  9944 | D:8      | Reached skill level 13 in Dodging
 10581 | D:9      | Found a staircase to the Lair.
 10663 | D:9      | Found a basalt altar of Yredelemnul.
 10920 | D:9      | Found a hide-covered altar of Uskayaw.
 10965 | D:9      | Learned a level 3 spell: Confuse
 11108 | D:9      | Reached skill level 1 in Spellcasting
 11213 | D:10     | Entered Level 10 of the Dungeon
 11275 | D:10     | Reached skill level 14 in Dodging
 11495 | D:10     | Identified a scroll of acquirement
 11516 | D:10     | Bought an ichor-stained robe for 176 gold pieces
 11516 | D:10     | Bought an embroidered cloak for 232 gold pieces
 11530 | D:10     | Identified the +1 robe "Olaynnant" {rC++ rCorr} (You bought it in a shop on level 10 of the Dungeon)
 11545 | D:10     | Bought a scarf of resistance for 384 gold pieces
 11917 | D:10     | Learned a level 3 spell: Tukima's Dance
 12863 | D:11     | Found a staircase to the Orcish Mines.
 12892 | D:11     | Reached skill level 5 in Spellcasting
 12892 | D:11     | Reached XP level 11. HP: 49/58 MP: 15/19
 13207 | Orc:1    | Entered Level 1 of the Orcish Mines
 13325 | Orc:2    | Entered Level 2 of the Orcish Mines
 13836 | D:11     | Bought a cursed ring of teleportation for 49 gold pieces
 13857 | Orc:2    | Noticed an orc sorcerer
 13865 | Orc:2    | Killed an orc sorcerer
 13865 | Orc:2    | Reached skill level 15 in Dodging
 13876 | Orc:2    | Noticed an orc high priest
 13878 | Orc:2    | Noticed an orc sorcerer
 13883 | Orc:2    | Noticed a sixfirhy
 13883 | Orc:2    | Noticed a sun demon
 13885 | Orc:2    | Noticed a soul eater
 14040 | Orc:2    | Killed an orc sorcerer
 14044 | Orc:2    | Killed an orc high priest
 14118 | Orc:2    | Noticed a stone giant
 14120 | Orc:2    | Killed from afar by an orc wizard

Vault maps used:
D:1:      dpeg_arrival_round_a, minmay_door_square,
          hangedman_abyss_or_decor_stabs
D:2:      minitemple, first_bread, okawaru_altar_gauntlet_db, uniq_sigmund
D:4:      overflow_temple_1_default, temple_green, enter_ossuary_5
D:5:      vehumet_altar_wand_db, uniq_pikel, uniq_duvessa,
          uniq_crazy_yiuf_cottage
D:6:      overflow_temple_1_default
D:7:      grunt_ogre_cave
D:8:      minivault_26, uniq_psyche
D:9:      lemuel_zombie_altar_yredelemnul, lair_entry_dummy, basic_altar
D:11:     erik_orc_1
Orc:2:    st_orc_congregation
Ossuary:  ossuary_tomb_2

Skill      XL: |  1  2  3  4  5  6  7  8  9 10 11 |
---------------+----------------------------------+-----
Short Blades   | 2 3 4 5 |  5.6
Dodging        | 4 5 6 7 8 10 12 14 15 | 15.3
Fighting       | 4 5 6 |  6.4
Long Blades    | 3 6 7 8 |  8.1
Spellcasting   | 5 6 |  6.2
Stealth        | |  3.0
Evocations     | |  1.3

Action                   |  1- 3 |  4- 6 |  7- 9 | 10-12 || total
-------------------------+-------+-------+-------+-------++-------
Melee: Short sword       |   158 |   227 |   272 |       ||   657
       Rapier            |       |       |   250 |       ||   250
       Falchion          |       |       |   136 |       ||   136
       Double sword      |       |       |    64 |   279 ||   343
Throw: Stone             |       |       |     2 |       ||     2
       Tomahawk          |       |       |    12 |     6 ||    18
Invok: Call Merchant     |       |       |     1 |     3 ||     4
Evoke: Wand              |       |       |     1 |       ||     1
  Use: Scroll            |       |     5 |    12 |     7 ||    24
       Potion            |       |       |    12 |     1 ||    13
 Stab: Sleeping          |     7 |     7 |    10 |     3 ||    27
       Distracted        |     2 |       |     1 |     3 ||     6
       Confused          |       |       |     2 |       ||     2
  Eat: Fruit             |       |     3 |     3 |     3 ||     9
       Royal jelly       |       |     2 |     2 |       ||     4
Armor: Robe              |    22 |    10 |    50 |    16 ||    98
       Skin              |       |       |     4 |       ||     4
Dodge: Dodged            |   129 |   176 |   545 |   341 ||  1191
       Rpst.: Falchion   |       |       |    37 |       ||    37
       Double sword      |       |       |    20 |    85 ||   105
